 Dungeon Crawl Stone Soup version 0.31-a0-202-g547052bce9 (webtiles) character file.

Game seed: 9855528925655871704

62 qw the Shooter (level 3, -3/20 HPs)
             Began as a Deep Elf Hunter on June 25, 2023.
             Slain by an orc priest
             ... wielding a +0 hand axe
              (6 damage)
             ... on level 2 of the Dungeon.
             The game lasted 00:00:28 (1299 turns).

qw the Shooter (Deep Elf Hunter)                    Turns: 1299, Time: 00:00:29

Health: -3/20      AC:  3    Str: 10    XL:     3   Next: 85%
Magic:  5/5        EV: 12    Int: 13    God:
Gold:   127        SH:  0    Dex: 18    Spells: 2/2 levels left

rFire   . . .        Y - +1 shortbow
rCold   . . .        (shield currently unavailable)
rNeg    . . .        c - +0 leather armour
rPois   .            (no helmet)
rElec   .            (no cloak)
rCorr   .            (no gloves)
SInv    .            (no boots)
Will    .....        (no amulet)
Stlth   ++           (no ring)
HPRegen 0.23/turn    (no ring)
MPRegen 0.09/turn

%: no passive effects
@: no status effects
A: no striking features
a: no special abilities


You were on level 2 of the Dungeon.
You visited 1 branch of the dungeon, and saw 3 of its levels.

You collected 127 gold pieces.


   Skills:
 - Level 1.5 Fighting
 + Level 7.3 Ranged Weapons
 - Level 2.4 Dodging
 - Level 1.2 Stealth


You had 2 spell levels left.
You didn't know any spells.
Your spell library was empty.

Inventory:

Hand Weapons
 Y - a +1 shortbow (weapon)
Armour
 c - a +0 leather armour (worn)
Scrolls
 a - a scroll of identify
Potions
 g - a potion of cancellation {unknown}
 h - a potion of degeneration {unknown}

Dungeon Overview and Level Annotations

Branches:
Dungeon (3/15)

Altars:
Cheibriados


Message History

You shoot an arrow. The arrow barely misses the orc. x2
A ball python comes into view.
The orc hits you with a +0 flail!
1292 ||| STAIRDANCE The orc priest calls down the wrath of Beogh upon you.
Pain shoots through your body! The orc barely misses you. The orc misses you.
You climb upwards.
There is a stone staircase leading down here.
Enter note:
Enter note:
Enter note:
Enter note:
Enter note:
Enter note: You shoot an arrow.
The arrow hits the orc priest but does no damage.
The orc priest is severely wounded.
The orc priest hits you with a +0 hand axe.
The orc hits you with a +0 flail!
You shoot an arrow.
The arrow completely misses the orc priest.
The orc priest hits you with a +0 hand axe.
The orc closely misses you.
You shoot an arrow. The arrow hits the orc priest.
The orc priest is severely wounded.
The orc priest barely misses you. The orc hits you but does no damage.
You shoot an arrow.
The arrow hits the orc priest but does no damage.
The orc priest is severely wounded.
The orc priest begins to cast a cantrip, but forgets the words!
The orc closely misses you.
You shoot an arrow.
The arrow hits the orc priest but does no damage.
The orc priest is severely wounded.
The orc priest hits you but does no damage.
The orc hits you but does no damage.
You shoot an arrow. The arrow hits the orc priest.
The orc priest is almost dead.
The orc priest hits you with a +0 hand axe.
You die...

##....## ##.|.#......###.#
####.#
....##.###.#..#........[.#
#.#
.#..###.#.#...#.....######
#.# ....###..#.#.##.....# #.#
.#.).........######.# #.#
...######.#### #....# #.#
.#.# #.# #o#### #.# .#.# #.#
#o# #.# ...# #.# #@# #.#
#..######.######o## #.#
#..##.............# #.#
..........######..# #.#
...##.###.## #..# #.#
#.###.##...## #..# #.#
#...........####..### #.#
#####.##............# #.#
#.###.#.....###.###########.#


You could see an orc priest and 2 orcs.

Vanquished Creatures
  3 adders (D:2)
  A worm (D:2)
  2 ball pythons
  3 bats (D:2)
  4 endoplasms
  3 giant cockroaches
  3 goblins
  A hobgoblin (D:2)
  2 quokkas (D:2)
  2 frilled lizards (D:2)
  5 kobolds
  3 rats
32 creatures vanquished.

Notes
Turn   | Place    | Note
-------+----------+-------------------------------------------
     0 | D:1      | qw the Deep Elf Hunter began the quest for the Orb.
     0 | D:1      | Reached XP level 1. HP: 12/12 MP: 3/3
     0 | D:1      | 0 ||| qw: Version: 0.3-a-22-g0ed2b0b
     0 | D:1      | 0 ||| qw: Game counter: 5721
     0 | D:1      | 0 ||| qw: Melee chars always use a shield: true
     0 | D:1      | 0 ||| qw: God list: Okawaru
     0 | D:1      | 0 ||| qw: Allow faded altars: false
     0 | D:1      | 0 ||| qw: Do Orc after clearing Dungeon:15 true
     0 | D:1      | 0 ||| qw: Do second Lair branch before Depths: true
     0 | D:1      | 0 ||| qw: Lair rune preference: random
     0 | D:1      | 0 ||| qw: Goals: Normal
     0 | D:1      | 0 ||| PLANNING D:1-11
   478 | D:1      | Reached skill level 6 in Ranged Weapons
   478 | D:1      | Reached XP level 2. HP: 16/16 MP: 4/4
   528 | D:1      | 528 ||| READING 3 scrolls labelled WOWERCH WOEFFU.
   529 | D:1      | 529 ||| READING scroll labelled RARECRICSO.
   530 | D:1      | 530 ||| READING 2 scrolls of identify.
   530 | D:1      | 530 ||| IDENTIFYING ruby potion
   531 | D:1      | 531 ||| DROPPING scroll of butterflies.
   532 | D:1      | 532 ||| DROPPING potion of berserk rage.
   790 | D:2      | Reached XP level 3. HP: 19/20 MP: 5/5
   830 | D:2      | Reached skill level 7 in Ranged Weapons
   832 | D:2      | HP: 5/20 [poisoned by an adder]
  1229 | D:2      | Found a snail-covered altar of Cheibriados.
  1263 | D:2      | 1263 ||| READING scroll labelled NOMAHI GAIRUANIRPH.
  1264 | D:2      | 1264 ||| READING scroll labelled BEGUEKOMOEM.
  1269 | D:2      | 1269 ||| READING scroll labelled AMNOME HOSI.
  1270 | D:2      | 1270 ||| READING scroll labelled ACVIOVITAGO.
  1292 | D:3      | 1292 ||| STAIRDANCE
  1294 | D:2      | HP: 3/20 [orc/+0 flail (7)]
  1299 | D:2      | Slain by an orc priest

Levels and vault maps discovered:
D:1:      mainiacjoe_arrival_reflecting_pool, layout_basic
D:2:      layout_loops_ring, basic_altar
D:3:      layout_rooms, riverfiend_overflow_shadow_ancestor, slow_altar_2,
          dreamdust_ecumenical_altar_grove, minmay_fountain_box, uniq_natasha

Skill      XL: |  1  2  3 |
---------------+----------+-----
Ranged Weapons | 6 7 |  7.3
Fighting       | |  1.5
Dodging        | |  2.4
Stealth        | |  1.2

Action                     || total
---------------------------++-------
   Fire: Shortbow          ||   107
    Use: Scroll            ||     7
 Armour: Leather armour    ||    14
  Dodge: Dodged            ||    19

Table legend:
 A = Non-vault XP
 B = Vault XP
 C = Vault XP percentage of total XP
 D = Non-vault monster count
 E = Vault monster count
 F = Vault count percentage of total count
                 A         B        C        D         E       F
            +---------+---------+-------+---------+---------+-------
      Total |      89 |       0 |   0.0 |      32 |       0 |   0.0
            +---------+---------+-------+---------+---------+-------
        D:1 |      17 |       0 |   0.0 |      11 |       0 |   0.0
        D:2 |      72 |       0 |   0.0 |      21 |       0 |   0.0
            +---------+---------+-------+---------+---------+-------
